 Dungeon Crawl Stone Soup version 0.31-a0-1370-gf52a5a9ab3 (webtiles) character file.

Game seed: 12749964845308058611

5028 MisterAzrael the Thaumaturge (level 10, 0/55 HPs)
             Began as a Deep Elf Summoner on Dec 24, 2023.
             Was a Believer of Sif Muna.
             Slain by a yak (11 damage)
             ... on level 10 of the Dungeon.
             The game lasted 00:32:31 (12445 turns).

MisterAzrael the Thaumaturge (Deep Elf Summoner)   Turns: 12445, Time: 00:32:31

Health: 0/55       AC:  6    Str:  7    XL:     10   Next: 30%
Magic:  19/25      EV: 14    Int: 29    God:    Sif Muna [**....]
Gold:   274        SH:  0    Dex: 15    Spells: 1/27 levels left

rFire   + + +        D - +9 lance "Wyrmbane" {slay drac, rPois rF+ rC+ AC+3}
rCold   + . .        (no shield)
rNeg    . . .        I - +0 troll leather armour
rPois   +            (no helmet)
rElec   .            (no cloak)
rCorr   .            (no gloves)
SInv    .            (no boots)
Will    +....        (no amulet)
Stlth   ++           z - ring of wizardry
HPRegen 1.09/turn    t - +6 ring of intelligence
MPRegen 0.19/turn

%: wizardry (x1)
@: inugami summoned
A: fire resistance 2, robust 1, wild magic 1
a: Renounce Religion, Channel Magic


You were on level 10 of the Dungeon.
You worshipped Sif Muna.
Sif Muna was pleased with you.
You visited 2 branches of the dungeon, and saw 11 of its levels.
You also visited: Ossuary.

You collected 634 gold pieces.
You spent 360 gold pieces at shops.

Inventory:

Hand Weapons
 A - a +0 heavy spear
 D - the +9 lance "Wyrmbane" (weapon) {slay drac, rPois rF+ rC+ AC+3}
   (You found it on level 6 of the Dungeon)

   AC+3:      It affects your AC (+3).
   rF+:       It protects you from fire.
   rC+:       It protects you from cold.
   rPois:     It protects you from poison
Missiles
 n - 5 throwing nets
Armour
 a - a +0 robe
 f - a +0 robe of willpower
 j - a +2 robe of cold resistance
 w - the +1 leather armour of Experimentation {Will+ Int+3 Dex+6}
   (You found it on level 5 of the Dungeon)

   Int+3:     It affects your intelligence (+3).
   Dex+6:     It affects your dexterity (+6).
   Will+:     It increases your willpower.
 E - +1 steam dragon scales
 I - a +0 troll leather armour (worn)
Jewellery
 g - an amulet of guardian spirit
 m - a ring of resist corrosion
 q - the ring "Vaywyimp" {Fire Will+}
   (You found it on level 3 of the Dungeon)

   [ring of fire]

   Fire:      It enhances your fire magic.
   rF+:       It protects you from fire.
   rC-:       It makes you vulnerable to cold.
   Will+:     It increases your willpower.
 t - a +6 ring of intelligence (right hand)
 y - a ring of positive energy
 z - a ring of wizardry (left hand)
 G - a ring of ice
Talismans
 l - a maw talisman
Wands
 d - a wand of digging (15)
 k - a wand of flame (61)
 v - a wand of roots (10)
 J - a wand of mindburst (8)
Scrolls
 e - 2 scrolls of revelation
 h - 2 scrolls of poison
 i - 3 scrolls of identify
 o - a scroll of fog
 F - 7 scrolls of teleportation
Potions
 b - 2 potions of magic
 c - a potion of lignification
 p - 2 potions of cancellation {unknown}
 r - 2 potions of invisibility {unknown}
 s - 2 potions of haste {unknown}
 u - 2 potions of berserk rage {unknown}
 x - 3 potions of might {unknown}
 B - 4 potions of curing
 C - 3 potions of heal wounds
 H - 2 potions of brilliance


   Skills:
 - Level 3.4 Polearms
 - Level 6.4 Dodging
 - Level 2.4 Stealth
 + Level 9.2 Spellcasting
 - Level 4.9 Hexes
 - Level 7.7 Summonings
 + Level 1.8 Necromancy
 * Level 6.4 Fire Magic
 * Level 7.0 Air Magic


You had one spell level left.
You knew the following spells:

 Your Spells              Type           Power      Damage    Failure   Level
a - Summon Small Mammal   Summ           100%       N/A       1%          1
b - Call Imp              Summ           100%       N/A       1%          2
c - Call Canine Familiar  Summ           66%        N/A       1%          3
d - Summon Lightning Spi  Summ/Air       65%        N/A       2%          4
e - Summon Guardian Gole  Hex/Summ       60%        N/A       1%          3
f - Plasma Beam           Fire/Air       31%        2x1d44    28%         6
g - Haunt                 Necr/Summ      26%        N/A       96%         7

Your spell library contained the following spells:

 Spells                   Type           Power      Damage    Failure   Level
 Foxfire                  Conj/Fire      100%       2x1d9     1%          1
 Shock                    Conj/Air       100%       1d9       1%          1
 Apportation              Tloc           34%        N/A       4%          1
 Jinxbite                 Hex            100%       N/A       1%          2
 Sigil of Binding         Hex            53%        N/A       1%          3
 Swiftness                Air            63%        N/A       1%          3
 Airstrike                Air            31%        2d(5-21)  2%          4
 Volatile Blastmotes      Fire/Tloc      82%        2d16      3%          3
 Dazzling Flash           Conj/Hex       70%        N/A       4%          3
 Dimensional Bullseye     Hex/Tloc       17%        N/A       12%         4
 Animate Dead             Necr           31%        N/A       16%         4
 Fulminant Prism          Conj/Alch      8%         3d7       30%         4
 Iskenderun's Mystic Bla  Conj/Tloc      17%        2d5       30%         4
 Alistair's Intoxication  Alch           11%        N/A       58%         5
 Starburst                Conj/Fire      20%        6d7       71%         6
 Infestation              Necr           15%        N/A       100%        8
 Maxwell's Capacitive Co  Air            31%        ∞         100%        8


Dungeon Overview and Level Annotations

Branches:
Dungeon (10/15)            Temple (1/1) D:5            Lair (0/5) D:9
Ossuary (visited)
    Orc: D:9-12

Altars:
Ashenzari
Cheibriados
Dithmenos
Elyvilon
Fedhas
Gozag
Hepliaklqana
Kikubaaqudgha
Makhleb
Nemelex Xobeh
Okawaru
Qazlal
Ru
Sif Muna
Trog
Uskayaw
Vehumet
Wu Jian
Xom
Yredelemnul
Zin
The Shining One

Shops:
D:4 =   D:9 ?

Annotations:
D:4 3 runed translucent doors, Sundig's ghost, amateur HuFi
D:7 3 runed translucent doors, Nudhul's ghost, novice MiBe; Phlounder's ghost, novice DsSh; kaesle's ghost, novice HOFi
D:9 2 transporters, pigah's ghost, journeyman OpSh


Innate Abilities, Weirdness & Mutations

Your flesh is very heat resistant. (rF++)
You are robust. (+10% HP)
Your spells are a little harder to cast, but a little more powerful.


Message History

Your cerulean imp hits the yak from afar with a +1 spear.
The yak gores your cerulean imp. The yak gores you but does no damage.
The yak gores you.
Your quokka closely misses the yak.
Your quokka bites the yak.
Your cerulean imp hits the yak from afar with a +1 spear.
The yak completely misses your cerulean imp.
The yak closely misses you. The yak gores you!
Your inugami misses the yak.
Your quokka bites the yak but does no damage.
Your cerulean imp hits the yak from afar with a +1 spear.
The yak gores your cerulean imp!! The yak gores you. x2
Your quokka closely misses the yak.
Your inugami closely misses the yak.
You puncture the yak!
The yak is severely wounded.
Your cerulean imp barely misses the yak.
The yak completely misses your cerulean imp.
The yak gores you! The yak gores you.
Your quokka bites the yak.
You puncture the yak!
The yak is almost dead.
Your inugami hits the yak!
The yak dies!
Sif Muna accepts your kill.
Your cerulean imp hits the yak with a +1 spear.
The yak misses your cerulean imp. The yak gores you.
Your quokka barely misses the yak.
You swap places.
Your cerulean imp hits the yak with a +1 spear.
The yak gores your cerulean imp.
Your cerulean imp dies!
Your cerulean imp disappears in a puff of smoke!
The yak barely misses you.
You puncture the yak!
The yak is moderately wounded.
The yak gores you!
* * * LOW HITPOINT WARNING * * *
You barely miss the yak.
The yak is moderately wounded.
Your quokka bites the yak.
Your inugami barely misses the yak.
The yak gores your inugami but does no damage.
The yak gores you!
You die...

.).)........#####...
............##....#
.)...............#
...#####..#####.##
##.# #..#......####
.+.# #.[#.......#.##
.#.# #..#..........#
.#.# #..#.......Y.##
.#.#####..#....r@h#..#
.#........'....9Y.#
..#
.#........#)......#
...
.#........#.......#
...
.#........#.......# ..
.#..###...#.......# .
)#..###...#.......#
.'........#########
.#........# ###


You could see 2 yaks, a friendly guardian golem (summoned), a friendly quokka
(summoned, sheltered) and a friendly inugami (summoned, sheltered).

Vanquished Creatures
  A troll (D:9)
  A wraith (D:9)
  A wyvern skeleton (D:9)
  2 water moccasin zombies (Ossuary)
  An iguana (D:6)
  A crocodile zombie (Ossuary)
  A howler monkey skeleton (D:9)
  A gnoll (D:10)
  An adder (D:5)
  An orc (D:9)
  2 goblins (D:2)
  A jackal zombie (Ossuary)
14 creatures vanquished.

Vanquished Creatures (collateral kills)
  Maurice (D:7)
  A troll (D:10)
  A hornet (D:7)
  2 yaks (D:10)
  2 ice beasts
  2 orc warriors
  2 black bears (D:5)
  A sky beast (D:7)
  2 ogres
  2 kobold brigands
  A gnoll sergeant (D:10)
  A bullfrog (D:6)
  2 scorpions (D:5)
  6 water moccasin zombies (Ossuary)
  A burial acolyte (Ossuary)
  5 wights (D:10)
  A howler monkey (D:7)
  3 jellies
  2 centaur zombies (D:9)
  5 hounds
  4 orc priests
  A sleepcap (D:7)
  Jessica (D:2)
  3 iguanas
  Natasha (twice) (D:4)
  6 orc wizards
  A crocodile zombie (Ossuary)
  A bullfrog simulacrum (Ossuary)
  A centaur simulacrum (D:9)
  2 mummies (Ossuary)
  Robin (D:2)
  10 gnolls
  4 adders
  2 shadow imps
  2 bombardier beetles
  2 adder zombies (Ossuary)
  3 worms
  3 dart slugs
  22 orcs
  6 ball pythons
  6 endoplasms
  4 giant cockroaches
  7 gnoll zombies (Ossuary)
  9 goblins
  9 hobgoblins
  6 jackals
  12 kobolds
  6 quokkas
  5 bats
  3 frilled lizards
  3 jackal zombies (Ossuary)
  An orc zombie (Ossuary)
  5 rats
196 creatures vanquished.

Vanquished Creatures (others)
  Maggie (D:6)
  An orc priest (D:6)
  2 orcs (D:6)
4 creatures vanquished.

Grand Total: 214 creatures vanquished

Notes
Turn   | Place    | Note
-------+----------+-------------------------------------------
     0 | D:1      | MisterAzrael the Deep Elf Summoner began the quest for the
                  | Orb.
     0 | D:1      | Reached XP level 1. HP: 10/10 MP: 6/6
     3 | D:1      | Noticed an electric eel
     4 | D:1      | Noticed an electric eel
   216 | D:1      | Reached XP level 2. HP: 14/15 MP: 5/8
   255 | D:1      | Learned a level 2 spell: Call Imp
   715 | D:1      | Found a faded altar of an unknown god.
   919 | D:1      | Reached skill level 5 in Summonings
   965 | D:1      | Reached XP level 3. HP: 19/19 MP: 5/10
   969 | D:1      | Learned a level 3 spell: Call Canine Familiar
  1380 | D:2      | Noticed Robin
  1390 | D:2      | Killed Robin
  1395 | D:2      | Reached XP level 4. HP: 3/24 MP: 11/11
  1505 | D:2      | Learned a level 4 spell: Summon Lightning Spire
  1735 | D:2      | Found a blossoming altar of Fedhas.
  1781 | D:2      | Reached skill level 4 in Spellcasting
  2003 | D:2      | Noticed Jessica
  2010 | D:2      | Killed Jessica
  2505 | D:2      | You fall into a shaft and drop 1 floor!
  2642 | D:3      | Reached skill level 1 in Air Magic
  2670 | D:3      | Reached XP level 5. HP: 28/28 MP: 10/13
  2899 | D:3      | Found a hide-covered altar of Uskayaw.
  3123 | D:3      | Identified the ring "Vaywyimp" {Fire Will+}
  3619 | D:4      | Reached XP level 6. HP: 16/32 MP: 9/15
  3751 | D:4      | Found Pyshe's Jewellery Shop.
  3867 | D:4      | Found a runed translucent gate.
  3867 | D:4      | Found a runed translucent gate.
  3867 | D:4      | Found a runed translucent gate.
  3870 | D:4      | Noticed Sundig's ghost (amateur HuFi)
  4091 | D:4      | Noticed Natasha
  4098 | D:4      | Killed Natasha
  4385 | D:4      | Noticed Natasha
  4394 | D:4      | Killed Natasha
  4395 | D:4      | Reached skill level 5 in Spellcasting
  4682 | D:5      | Entered Level 5 of the Dungeon
  4942 | D:5      | Found an iron altar of Okawaru.
  4952 | D:5      | Identified the +1 leather armour of Experimentation {Will+
                  | Int+3 Dex+6}
  4977 | D:5      | Noticed an ice beast
  4989 | D:5      | Killed an ice beast
  4990 | D:5      | Reached XP level 7. HP: 36/36 MP: 7/17
  5150 | D:5      | Found a staircase to the Ecumenical Temple.
  5155 | D:5      | Reached skill level 5 in Dodging
  5167 | Temple   | Entered the Ecumenical Temple
  5347 | D:5      | Learned a level 3 spell: Summon Guardian Golem
  5398 | D:4      | Bought a ring of wizardry for 360 gold pieces
  5448 | D:5      | Found a hazy altar of Hepliaklqana.
  5489 | D:5      | Found a blossoming altar of Fedhas.
  5683 | D:5      | Reached skill level 6 in Spellcasting
  5991 | D:6      | Reached XP level 8. HP: 41/41 MP: 15/19
  6059 | D:6      | Reached skill level 5 in Air Magic
  6176 | D:6      | Found a shimmering blue altar of Sif Muna.
  6237 | D:6      | Became a worshipper of Sif Muna the Loreminder
  6271 | D:6      | Found a broken altar of Ashenzari.
  6496 | D:6      | Noticed Maggie
  6515 | D:6      | Killed Maggie
  6516 | D:6      | Reached skill level 7 in Spellcasting
  7153 | D:6      | Reached skill level 1 in Hexes
  7712 | D:6      | Learned a level 6 spell: Plasma Beam
  7787 | D:7      | Reached skill level 1 in Polearms
  7831 | D:7      | Found a runed translucent gate.
  7832 | D:7      | Found a runed translucent gate.
  7840 | D:7      | Found a sand-covered staircase.
  7845 | Ossuary  | Entered an ossuary
  7881 | Ossuary  | Reached skill level 1 in Fire Magic
  7915 | Ossuary  | Reached * piety under Sif Muna
  7936 | Ossuary  | Reached XP level 9. HP: 32/45 MP: 12/22
  8347 | D:7      | Reached skill level 8 in Spellcasting
  8577 | D:7      | Noticed Maurice
  8634 | D:7      | Something stole the ring "Vaywyimp" {Fire Will+}
  8644 | D:7      | Something stole a maw talisman
  8647 | D:7      | Something stole a +0 heavy spear
  8648 | D:7      | Something stole 5 throwing nets
  8650 | D:7      | Killed Maurice
  9162 | D:7      | Found a runed translucent gate.
  9162 | D:7      | Noticed kaesle's ghost (novice HOFi)
  9162 | D:7      | Noticed Phlounder's ghost (novice DsSh)
  9163 | D:7      | Noticed Nudhul's ghost (novice MiBe)
  9240 | D:7      | Reached ** piety under Sif Muna
  9653 | D:7      | Gained mutation: You sometimes lose your temper in combat.
                  | [potion of mutation]
  9808 | D:8      | Found a snail-covered altar of Cheibriados.
 10491 | D:8      | Found a stormy altar of Qazlal.
 10500 | D:8      | Found an ornate altar of the Wu Jian Council.
 10736 | D:8      | Reached skill level 5 in Fire Magic
 10853 | D:9      | Found a transporter.
 10882 | D:9      | Found a staircase to the Lair.
 10959 | D:9      | Found a sacrificial altar of Ru.
 10959 | D:9      | Noticed a troll
 10978 | D:9      | Killed a troll
 11087 | D:9      | Found a white marble altar of Elyvilon.
 11116 | D:9      | Found Losix's Magic Scroll Shoppe.
 11123 | D:9      | Lost mutation: You sometimes lose your temper in combat.
                  | [potion of mutation]
 11123 | D:9      | Gained mutation: Your flesh is heat resistant. (rF+)
                  | [potion of mutation]
 11123 | D:9      | Gained mutation: Your magical capacity is low. (-10% MP)
                  | [potion of mutation]
 11123 | D:9      | Gained mutation: You are robust. (+10% HP) [potion of
                  | mutation]
 11123 | D:9      | Gained mutation: Your flesh is very heat resistant. (rF++)
                  | [potion of mutation]
 11124 | D:9      | Lost mutation: You are robust. (+10% HP) [potion of
                  | mutation]
 11124 | D:9      | Lost mutation: Your flesh is very heat resistant. (rF++)
                  | [potion of mutation]
 11124 | D:9      | Lost mutation: Your magical capacity is low. (-10% MP)
                  | [potion of mutation]
 11124 | D:9      | Gained mutation: You are robust. (+10% HP) [potion of
                  | mutation]
 11124 | D:9      | Gained mutation: Your spells are a little harder to cast,
                  | but a little more powerful. [potion of mutation]
 11124 | D:9      | Gained mutation: Your flesh is very heat resistant. (rF++)
                  | [potion of mutation]
 11143 | D:9      | Found a transporter.
 11146 | D:9      | Noticed pigah's ghost (journeyman OpSh)
 11241 | D:9      | Found a glowing golden altar of the Shining One.
 11262 | D:9      | Reached XP level 10. HP: 31/55 MP: 15/24
 11632 | D:9      | Found a burning altar of Makhleb.
 11654 | D:9      | Identified a scroll of acquirement
 11654 | D:9      | Acquired a book of Party Tricks
 11664 | D:9      | Learned a level 7 spell: Haunt
 11902 | D:10     | Entered Level 10 of the Dungeon
 11920 | D:10     | Reached skill level 9 in Spellcasting
 12031 | D:10     | Reached skill level 1 in Necromancy
 12445 | D:10     | Slain by a yak

Illustrated notes

Levels and vault maps discovered:
D:1:      arrival_aquarium_b, layout_loops_corners,
          hellmonk_ecumenical_altar_heavens_door, minmay_misc_feat_x,
          grunt_decor_mini_mirrors
D:2:      layout_basic, basic_altar, uniq_robin, uniq_jessica
D:3:      layout_basic, nicolae_uskayaw_dance_hall
D:4:      layout_loops_ring, serial_shops, nicolae_shop_just_a_little_nook,
          biasface_ghost_orc_armoury, uniq_natasha
D:5:      layout_loops_ring, mainiacjoe_overflow_surrounded_room,
          mainiacjoe_overflow_catwalk, mainiacjoe_overflow_cross_hatched,
          minmay_temple_entry_tees, kennysheep_generic_room_12
D:6:      layout_layer_cave, mainiacjoe_overflow_big_doors, uniq_maggie
D:7:      layout_basic, lightli_ossuary_entry_decrepit_ruins,
          gammafunk_ghost_cemetery, uniq_maurice
D:8:      layout_gridville, slow_altar_2, mainiacjoe_overflow_large_starburst
D:9:      layout_basic, mainiacjoe_overflow_small_starburst, lemuel_round_altar,
          mainiacjoe_overflow_alcove_4, mainiacjoe_overflow_six_doors_small,
          dpeg_oklobed_lair, gammafunk_ghost_stat_death, serial_shops, shop,
          hangedman_weighted_door
D:10:     layout_stronghold, enter_trove_1, minmay_fractal_squares_gapless_5
Temple:   compressed_dpeg_triangle_lava_temple

Skill      XL: |  1  2  3  4  5  6  7  8  9 10 |
---------------+-------------------------------+-----
Summonings     | 5 6 7 |  7.7
Dodging        | 3 4 5 6 |  6.4
Spellcasting   | 4 5 6 7 8 9 |  9.2
Air Magic      | 1 2 3 4 6 7 |  7.0
Hexes          | 1 4 |  4.9
Polearms       | 1 3 |  3.4
Fire Magic     | 1 5 6 |  6.4
Necromancy     | 1 |  1.8
Stealth        | |  2.4

Action                     |  1- 3 |  4- 6 |  7- 9 | 10-12 || total
---------------------------+-------+-------+-------+-------++-------
  Melee: Unarmed           |     7 |    19 |       |       ||    26
         Punch             |       |     1 |       |       ||     1
         Spear             |       |       |    30 |       ||    30
         Lance             |       |       |    52 |    15 ||    67
   Cast: Summon Small Mamm |    21 |    18 |    27 |     5 ||    71
         Call Imp          |    12 |    34 |    38 |     7 ||    91
         Call Canine Famil |     4 |    25 |    39 |     7 ||    75
         Summon Lightning  |       |       |    10 |     3 ||    13
         Summon Guardian G |       |       |     6 |     3 ||     9
         Plasma Beam       |       |       |       |     1 ||     1
    Use: Potion            |     1 |       |     5 |       ||     6
         Scroll            |       |       |    13 |     2 ||    15
   Stab: Sleeping          |       |       |     3 |       ||     3
         Distracted        |       |       |     1 |       ||     1
 Armour: Robe              |    36 |    70 |     4 |       ||   110
         Skin              |     3 |       |       |       ||     3
         Leather armour    |       |       |    19 |       ||    19
         Steam dragon scal |       |       |    69 |     7 ||    76
         Troll leather arm |       |       |       |    11 ||    11
  Dodge: Dodged            |    33 |    91 |   108 |    17 ||   249

Table legend: (Time is in decaauts)
 A = Elapsed time spent in this place.
 B = Non-inter-level travel time spent in this place.
 C = Inter-level travel time spent in this place.
 D = Time resting spent in this place.
 E = Time spent auto-exploring this place.
 F = Levels seen in this place.
 G = Mean time per level.
                   A        B        C        D        E       F      G
               +--------+--------+--------+--------+--------+-----+--------+
         Total |  12451 |  12218 |    233 |   1329 |   8433 |  12 | 1037.6 |
       Dungeon |  11944 |  11711 |    233 |   1173 |   8320 |  10 | 1194.4 |
        Temple |     33 |     33 |      0 |      0 |      4 |   1 |   33.0 |
       Ossuary |    473 |    473 |      0 |    156 |    109 |   1 |  473.0 |
               +--------+--------+--------+--------+--------+-----+--------+

Top non-repeatable levels by time:
     D:6: 1807 daAuts
     D:7: 1535 daAuts
     D:1: 1266 daAuts
     D:2: 1239 daAuts
     D:4: 1184 daAuts
     D:5: 1171 daAuts
     D:8: 1119 daAuts
     D:9: 1061 daAuts
     D:3: 1017 daAuts
    D:10: 542 daAuts
 Ossuary: 473 daAuts
  Temple: 33 daAuts
